 Dungeon Crawl Stone Soup version 0.23.2-1-ga50397a (webtiles) character file.

Game seed: 16092468387902734360

91 Aske the Ruffian (level 4, 0/37 HPs)
             Began as a Ghoul Gladiator on May 12, 2019.
             Slain by a gnoll
             ... wielding a +1 whip of electrocution
              (13 damage)
             ... on level 2 of the Dungeon.
             The game lasted 00:03:15 (2112 turns).

Aske the Ruffian (Ghoul Gladiator)                  Turns: 2112, Time: 00:03:15

Health: 0/37       AC:  7    Str: 17    XL:     4   Next: 57%
Magic:  4/4        EV: 10    Int:  3    God:
Gold:   121        SH:  3    Dex: 11    Spells: 3/4 levels left

rFire    . . .     SeeInvis .     - Unarmed
rCold    + . .     Gourm    .   s - +0 buckler
rNeg     + + +     Faith    .   u - +0 scale mail
rPois    ∞         Spirit   .   b - +0 helmet
rElec    .         Reflect  .   (no cloak)
rCorr    .         Harm     .   (no gloves)
MR       .....                  (no boots)
Stlth    ..........             (no amulet)
HPRegen  0.00/turn              (no ring)
MPRegen  0.09/turn              (no ring)

@: rotting
A: rotting body, claws 1, carnivore, cold resistance 1, negative energy
resistance 3, inhibited regeneration, torment resistance, unbreathing
a: no special abilities


You were on level 2 of the Dungeon.
You were not hungry.

You visited 1 branch of the dungeon, and saw 3 of its levels.

You collected 121 gold pieces.

Inventory:

Missiles
 c - 3 throwing nets (quivered)
Armour
 b - a +0 helmet (worn)
 s - a +0 buckler (worn)
 u - a +0 scale mail (worn)
Jewellery
 w - an uncursed ring of flight {unknown}
Scrolls
 f - 2 scrolls of remove curse
 h - 2 scrolls of fog
 j - a scroll of blinking
 k - a scroll of enchant weapon
Potions
 a - a potion of degeneration {unknown}
 e - 2 potions of agility
 g - a potion of cancellation {unknown}
 i - a potion of berserk rage {unknown}
 n - 2 potions of heal wounds
 o - a potion of haste {unknown}
 p - a potion of might {unknown}
 t - a potion of magic {unknown}
 v - a potion of resistance {unknown}
Comestibles
 d - 3 rations
 l - 4 chunks of flesh


   Skills:
 + Level 2.5 Fighting
 + Level 2.0 Throwing
 * Level 1.3 Armour
 * Level 3.2 Dodging
 + Level 1.1 Stealth
 + Level 0.3 Shields
 * Level 3.9 Unarmed Combat
 + Level 0.7 Spellcasting
 + Level 0.1 Hexes


You had 3 spell levels left.
You knew the following spells:

 Your Spells              Type           Power        Failure   Level  Hunger
a - Confusing Touch       Hex            #.....       96%         1    ##.....

Your spell library contained the following spells:

 Spells                   Type           Power        Failure   Level  Hunger
 Animate Skeleton         Necr           N/A          97%         1    ##.....
 Apportation              Tloc           #.....       97%         1    ##.....
 Summon Small Mammal      Summ           #...         97%         1    ##.....


Dungeon Overview and Level Annotations

Branches:
Dungeon (3/15)

Altars:
Cheibriados

Annotations:
D:2 2 transporters


Innate Abilities, Weirdness & Mutations

Your body is rotting away.
You thrive on raw meat.
You are immune to poison.
You have sharp fingernails.
You are carnivorous and can eat meat at any time.
Your flesh is cold resistant. (rC+)
You are immune to negative energy. (rN+++)
You do not regenerate when monsters are visible.
You are immune to unholy pain and torment.
You can survive without breathing.


Message History

There is an open door here.
c - 3 throwing nets (gained 1)
You start resting.
HP restored.
There is an open door here.
Things that are here:
a +0 halberd; a gnoll skeleton
There is a stone staircase leading down here.
You climb downwards.
The gnoll closely misses you. The gnoll hits you but does no damage.
There is a stone staircase leading up here.
The gnoll hits you but does no damage.
You are electrocuted!
You climb upwards.
Level annotation: 2 transporters
There is a stone staircase leading down here.
You claw the gnoll!
The gnoll is severely wounded.
The gnoll hits you with a +1 whip of electrocution!
You are electrocuted!
You die...

########### #.......>.##########
#.#######..........# #.#
#..##...##.# #.#
#####..#.....#.######### #.#
#......##...##.........# #.#
#.###.####.###########.# #.# #.#
#.# #@# #.# #.###.###.## #g# #.#
#..........###'## #.#
##.##.####.##...## #.### #.##.#
#.#.....## ###...# ###.#..##
#........## ##.###.#
#.......###.........####...##.##
#.#.....<.+.........'...........
#......####.........####...##.##


You could see a gnoll.

Vanquished Creatures
  5 gnolls (D:2)
  4 bats
  3 giant cockroaches (D:1)
  A goblin (D:2)
  9 hobgoblins
  8 jackals
  A quokka (D:2)
  A ball python (D:3)
  A frilled lizard (D:1)
  3 kobolds (D:1)
  3 rats
39 creatures vanquished.

Notes
Turn   | Place    | Note
-------+----------+-------------------------------------------
     0 | D:1      | Aske the Ghoul Gladiator began the quest for the Orb.
     0 | D:1      | Reached XP level 1. HP: 17/17 MP: 0/0
   103 | D:1      | Reached XP level 2. HP: 7/24 MP: 1/1
   537 | D:1      | Reached XP level 3. HP: 30/30 MP: 2/2
  1229 | D:2      | Reached skill level 1 in Armour
  1493 | D:2      | Found a snail-covered altar of Cheibriados.
  1493 | D:2      | Found a transporter.
  1494 | D:2      | Noticed an orc warrior
  1528 | D:2      | Reached skill level 1 in Stealth
  1536 | D:2      | Reached XP level 4. HP: 25/37 MP: 3/3
  1626 | D:2      | Found a transporter.
  2008 | D:3      | Learned a level 1 spell: Confusing Touch
  2112 | D:2      | Slain by a gnoll

Skill      XL: |  1  2  3 |
---------------+----------+-----
Dodging        | 3 |  3.2
Armour         | 1 |  1.3
Throwing       | 2 |  2.0
Stealth        | 1 |  1.1
Fighting       | |  2.5
Shields        | |  0.3
Unarmed Combat | |  3.9
Spellcasting   | |  0.7
Hexes          | |  0.1

Action                   |  1- 3 |  4- 6 || total
-------------------------+-------+-------++-------
Melee: Unarmed           |   130 |    17 ||   147
       Punch             |     2 |       ||     2
Throw: Throwing net      |       |     2 ||     2
  Use: Scroll            |       |     9 ||     9
  Eat: Chunk             |     7 |     3 ||    10
Armor: Leather armour    |    30 |       ||    30
       Scale mail        |    12 |     3 ||    15
Dodge: Dodged            |    74 |     9 ||    83
Block: Buckler           |     7 |     2 ||     9
